 Dungeon Crawl Stone Soup version 0.32-a0-25-g86f1af2 (webtiles) character file.

Game seed: 6095170921176337965

58 Dorkslayer the Ruffian (level 4, -3/28 HPs)
             Began as an Octopode Shapeshifter on Jan 18, 2024.
             Slain by Natasha (4 damage)
             ... on level 2 of the Dungeon.
             The game lasted 00:04:16 (869 turns).

Dorkslayer the Ruffian (Octopode Shapeshifter)       Turns: 869, Time: 00:04:17

Health: -3/28      AC:  1    Str: 15    XL:     4   Next: 2%
Magic:  4/4        EV: 13    Int: 12    God:
Gold:   54         SH:  0    Dex: 11    Spells: 3/3 levels left

rFire   . . .        k - +0 war axe
rCold   . . .        (no shield)
rNeg    . . .        (helmet currently unavailable)
rPois   .            (no amulet)
rElec   .            (no ring)
rCorr   .            (no ring)
SInv    .            (no ring)
Will    .....        (no ring)
Stlth   ++           (no ring)
HPRegen 0.24/turn    (no ring)
MPRegen 0.09/turn    (no ring)
                     (no ring)

%: no passive effects
@: beast-form, slowed, very slow
A: beast (slay +2), almost no armour, amphibious, 8 rings, camouflage 1,
gelatinous body 1, (nimble swimmer 1), tentacles
a: Begin Untransformation


You were on level 2 of the Dungeon.
You were a hulking beast.
You visited 1 branch of the dungeon, and saw 2 of its levels.

You collected 54 gold pieces.

Inventory:

Hand Weapons
 k - a +0 war axe (weapon)
Missiles
 i - 2 boomerangs (quivered)
Talismans
 b - a beast talisman
 c - a flux talisman
Scrolls
 e - 2 scrolls of identify {unknown}
Potions
 a - a potion of lignification
 d - a potion of enlightenment {unknown}
 f - 2 potions of curing {unknown}
 g - a potion of berserk rage {unknown}
 h - a potion of attraction {unknown}
 j - a potion of invisibility {unknown}


   Skills:
 + Level 1.0 Fighting
 + Level 2.2 Dodging
 + Level 1.0 Stealth
 * Level 4.0 Unarmed Combat
 + Level 3.5 Shapeshifting


You had 3 spell levels left.
You didn't know any spells.
Your spell library was empty.

Dungeon Overview and Level Annotations

Branches:
Dungeon (2/15)

Altars:

Annotations:
D:2 Natasha


Innate Abilities, Weirdness & Mutations

You are a hulking beast.
Your limbs bulge with bestial killing power. (Slay +2)
You cannot wear most types of armour.
You are amphibious.
You can wear up to eight rings at the same time.
Your skin changes colour to match your surroundings (Stealth+).
Your rubbery body absorbs attacks. (AC +1, EV +1)
((You are camouflaged when in or above water. (Stealth+)))
You have tentacles for arms and can constrict up to eight enemies at once.


Message History

You climb downwards.
There is a stone staircase leading up here.
Natasha, Servant of Life and Death comes into view.
Found a stone staircase leading down.
Found a war axe.
The helpless Natasha fails to defend herself.
You tentacle-slap Natasha. You grab Natasha. You squeeze Natasha.
Natasha is heavily wounded.
You constrict Natasha. Natasha barely misses you.
You tentacle-slap Natasha but do no damage.
Natasha is severely wounded.
You constrict Natasha. Natasha barely misses you.
You tentacle-slap Natasha. You squeeze Natasha.
You kill Natasha!
Natasha screams in pain as she dies!
Your Stealth skill increases to level 1!
Your Unarmed Combat skill increases to level 4!
You have reached level 4!
You see here a +0 war axe.
k - a +0 war axe
k - a +0 war axe (weapon)
Found 10 gold pieces.
Natasha, Servant of Life and Death comes into view.
Natasha stares at you and mumbles some strange words.
You feel yourself slow down. Natasha casts a spell at you.
The magic dart hits you!
Natasha casts a spell.
The cerulean imp hits you from afar with a +0 spear.
Natasha claws you.
You closely miss Natasha. You grab Natasha. You squeeze Natasha.
Natasha is lightly wounded.
You constrict Natasha.
The cerulean imp hits you from afar with a +0 spear.
Natasha stares at you and mumbles some strange words.
The magic dart hits you!
* * * LOW HITPOINT WARNING * * *
The cerulean imp barely misses you. Natasha claws you.
You die...
Natasha curls up and begins to purr.

#...# #.....#
###.# #######
#.#
#######.######
#............#
#$...........#
#............#
#............#
#...h........#
#...h........#
#.5..........#
#............#
#............#
#######+#####


You could see Natasha and a cerulean imp (summoned).

Vanquished Creatures
  Natasha (D:2)
  3 dart slugs (D:1)
  4 ball pythons (D:1)
  A giant cockroach (D:1)
  4 goblins (D:1)
  A hobgoblin (D:1)
  2 jackals (D:1)
  5 kobolds (D:1)
  2 quokkas (D:1)
  A bat (D:1)
  3 rats (D:1)
27 creatures vanquished.

Notes
Turn   | Place    | Note
-------+----------+-------------------------------------------
     0 | D:1      | Dorkslayer the Octopode Shapeshifter began the quest for
                  | the Orb.
     0 | D:1      | Reached XP level 1. HP: 13/13 MP: 1/1
   162 | D:1      | Reached XP level 2. HP: 18/18 MP: 2/2
   346 | D:1      | Reached XP level 3. HP: 16/23 MP: 3/3
   845 | D:2      | Noticed Natasha
   852 | D:2      | Killed Natasha
   853 | D:2      | Reached skill level 1 in Stealth
   853 | D:2      | Reached skill level 4 in Unarmed Combat
   853 | D:2      | Reached XP level 4. HP: 28/28 MP: 4/4
   864 | D:2      | Noticed Natasha
   869 | D:2      | HP: 1/28 [Natasha/magic dart (9)]
   869 | D:2      | Slain by Natasha

Illustrated notes

Levels and vault maps discovered:
D:1:      lemuel_arrival_river_ford, layout_loops_ring, supply_closet_lemuel,
          minmay_stone_trees_small
D:2:      layout_basic, uniq_natasha, uniq_robin

Skill      XL: |  1  2  3 |
---------------+----------+-----
Stealth        | 1 |  1.0
Unarmed Combat | 4 |  4.0
Fighting       | |  1.0
Dodging        | |  2.2
Shapeshifting  | |  3.5

Action                     |  1- 3 |  4- 6 || total
---------------------------+-------+-------++-------
  Melee: Unarmed           |    43 |       ||    43
         Tentacles         |    12 |     1 ||    13
         Constrict         |    11 |     1 ||    12
         Punch             |     2 |       ||     2
         War axe           |       |     1 ||     1
   Stab: Sleeping          |     5 |       ||     5
 Armour: Skin              |    14 |     6 ||    20
  Dodge: Dodged            |    26 |     1 ||    27

Table legend: (Time is in decaauts)
 A = Elapsed time spent in this place.
 B = Non-inter-level travel time spent in this place.
 C = Inter-level travel time spent in this place.
 D = Time resting spent in this place.
 E = Time spent auto-exploring this place.
 F = Levels seen in this place.
 G = Mean time per level.
                   A        B        C        D        E       F      G
               +--------+--------+--------+--------+--------+-----+--------+
         Total |    866 |    866 |      0 |      0 |    560 |   2 |  433.0 |
       Dungeon |    866 |    866 |      0 |      0 |    560 |   2 |  433.0 |
               +--------+--------+--------+--------+--------+-----+--------+

Top non-repeatable levels by time:
     D:1: 823 daAuts
     D:2: 43 daAuts
